 Dungeon Crawl Stone Soup version 0.27-a0-1281-ge233d83751 (webtiles) character file.

Game seed: 11446105428948917922

63891 night the Fighter (level 14, -1/113 HPs)
             Began as a Demonspawn Ice Elementalist on June 13, 2021.
             Was a High Priest of Vehumet.
             Shot with an arrow by a centaur warrior (20 damage)
             ... on level 13 of the Dungeon.
             The game lasted 01:05:38 (20974 turns).

night the Fighter (Demonspawn Ice Elementalist)    Turns: 20974, Time: 01:05:39

Health: -1/113     AC: 14    Str: 11    XL:     14   Next: 69%
Magic:  18/28      EV: 16    Int: 23    God:    Vehumet [*****.]
Gold:   1430       SH:  0    Dex: 15    Spells: 6/34 levels left

rFire    + . .     SeeInvis +     - Unarmed
rCold    . . .     Faith    +   (no shield)
rNeg     . . .     Spirit   .   z - +2 leather armour {rF+}
rPois    .         Reflect  .   v - +2 helmet {Int+3}
rElec    .         Harm     .   n - +1 cloak
rCorr    .         Rampage  .   (gloves unavailable)
Will     +....                  (no boots)
Stlth    ++++......             a - amulet of faith
HPRegen  0.28/turn              T - +4 ring of protection
MPRegen  0.21/turn              J - ring of wizardry

@: mighty
A: claws 3, thin skeletal structure 2, powered by pain 2, demonic magic 2, see
invisible, clumsy 1
a: Renounce Religion


You were on level 13 of the Dungeon.
You worshipped Vehumet.
Vehumet was extremely pleased with you.
You visited 3 branches of the dungeon, and saw 20 of its levels.

You collected 1430 gold pieces.

Inventory:

Hand Weapons
 G - a +1 dagger of electrocution
Missiles
 i - 13 javelins
 j - 560 stones
 k - 160 sling bullets
 o - 3 datura-tipped darts
 s - 49 poisoned darts (quivered)
 y - 26 boomerangs
 C - a curare-tipped dart
 D - 4 silver boomerangs
Armour
 n - a +1 cloak (worn)
 u - +0 steam dragon scales
 v - a +2 helmet of intelligence (worn)
 z - a +2 leather armour of fire resistance (worn)
Jewellery
 a - an amulet of faith (around neck)
 l - a ring of flight
 p - an amulet of regeneration
 t - a +4 ring of evasion
 H - a ring of positive energy
 J - a ring of wizardry (right claw)
 Q - an amulet of magic regeneration
 R - an amulet of guardian spirit
 T - a +4 ring of protection (left claw)
Wands
 x - a wand of polymorph (5)
 A - a wand of acid (8)
 E - a wand of flame (25)
 N - a wand of mindburst (26)
Scrolls
 f - 2 scrolls of brand weapon
 h - a scroll of blinking
 m - 11 scrolls of teleportation
 w - 5 scrolls of magic mapping
 B - a scroll of identify
 F - 2 scrolls of vulnerability
 K - 2 scrolls of amnesia
 L - a scroll of enchant weapon
 P - 2 scrolls of fear
 S - a scroll of enchant armour
Potions
 b - 3 potions of haste
 c - 2 potions of cancellation
 d - 2 potions of attraction
 e - 9 potions of curing
 g - 7 potions of heal wounds
 q - 2 potions of brilliance
 r - 7 potions of ambrosia
 I - 2 potions of resistance
 M - 4 potions of lignification
 U - a potion of might
Miscellaneous
 O - a box of beasts


   Skills:
 + Level 11.1 Fighting
 + Level 9.0 Dodging
 - Level 3.0 Stealth
 + Level 10.3 Unarmed Combat
 + Level 10.7 Spellcasting
 - Level 10.7 Conjurations
 + Level 10.2 Ice Magic
 - Level 3.0 Poison Magic


You had 6 spell levels left.
You knew the following spells:

 Your Spells              Type           Power      Damage    Failure   Level
a - Freeze                Ice            100%       1d11      1%          1
b - Frozen Ramparts       Ice            100%       1d12      1%          3
c - Ozocubu's Armour      Ice            56%        N/A       1%          3
d - Hailstorm             Conj/Ice       57%        3d12      1%          4
e - Poisonous Vapours     Pois/Air       38%        N/A       1%          2
f - Mephitic Cloud        Conj/Pois/Air  33%        N/A       1%          3
g - Lightning Bolt        Conj/Air       18%        1d33      2%          5
h - Orb of Destruction    Conj           29%        9d11      8%          7

Your spell library contained the following spells:

 Spells                   Type           Power      Damage    Failure   Level
 Eringya's Noxious Bog    Tmut/Pois      9%         N/A       45%         6
 Iskenderun's Battlesphe  Conj           58%        2d11      1%          5
 Animate Skeleton         Necr           24%        N/A       2%          1
 Apportation              Tloc           24%        N/A       2%          1
 Beastly Appendage        Tmut           24%        N/A       2%          1
 Corona                   Hex            13%        N/A       2%          1
 Summon Small Mammal      Summ           48%        N/A       2%          1
 Ice Form                 Ice/Tmut       35%        N/A       3%          4
 Wereblood                Tmut           12%        N/A       4%          2
 Spider Form              Tmut/Pois      9%         N/A       4%          3
 Bolt of Magma            Conj/Fire/Erth 14%        4d8       5%          5
 Metabolic Englaciation   Hex/Ice        17%        N/A       10%         5
 Iron Shot                Conj/Erth      18%        9d4       13%         6
 Yara's Violent Unravell  Hex/Tmut       6%         3d5       19%         5
 Cause Fear               Hex            6%         N/A       26%         4
 Silence                  Hex/Air        6%         N/A       56%         5
 Spellforged Servitor     Conj/Summ      18%        N/A       50%         7
 Discord                  Hex            6%         N/A       100%        8


Dungeon Overview and Level Annotations

Branches:
Dungeon (13/15)            Temple (1/1) D:6            Lair (6/6) D:10
  Swamp (0/4) Lair:3       Spider (0/4) Lair:2        Slime (0/5) Lair:5
    Orc (0/2) D:9
 Vaults: D:13-14

Altars:
Ashenzari
Cheibriados
Dithmenos
Elyvilon
Fedhas
Gozag
Hepliaklqana
Kikubaaqudgha
Makhleb
Nemelex Xobeh
Okawaru
Qazlal
Ru
Sif Muna
Trog
Uskayaw
Vehumet
Wu Jian
Xom
Yredelemnul
Zin
The Shining One
Jiyva

Shops:
D:11 [   D:12 =

Annotations:
Lair:4 3 runed translucent doors, DEFE's ghost, journeyman OpBr


Innate Abilities, Weirdness & Mutations

You have claws for hands.
You have a moderately thin skeletal structure. (Dex +4, Stealth++)
You sometimes gain power by taking damage.
Spells you cast may paralyse nearby enemies.
You have supernaturally acute eyesight. (SInv)
You are clumsy. (Dex -2)


Message History

The death knight calls down the wrath of Yredelemnul upon you.
Your body is wracked with pain!
* * * LOW HITPOINT WARNING * * *
You focus on the pain.
You feel very mighty all of a sudden.
The death knight's dark mirror aura disappears.
The death knight mumbles some strange prayers to Yredelemnul against you.
Your body is wracked with pain!
* * * LOW HITPOINT WARNING * * *
Aiming: Corrosive Bolt
Press: ? - help, Shift-Dir - straight line, f/p - death knight
Aim: a death knight, wielding a +2 morningstar of protection and wearing a +0 chain mail (almost dead, poisoned, 71% to hit)
The bolt of acid misses the death knight.
The death knight looks more healthy.
Aiming: Corrosive Bolt
Press: ? - help, Shift-Dir - straight line, f/p - death knight
Aim: a death knight, wielding a +2 morningstar of protection and wearing a +0 chain mail (almost dead, 71% to hit)
The bolt of acid misses the death knight.
Aiming: Corrosive Bolt
Press: ? - help, Shift-Dir - straight line, f/p - death knight
Aim: a death knight, wielding a +2 morningstar of protection and wearing a +0 chain mail (almost dead, 71% to hit)
The bolt of acid hits the death knight but does no damage.
The death knight is almost dead.
Casting: Poisonous Vapours (safe; 1% risk of failure)
Confirm with . or Enter, or press ? or * to list all spells.
Aiming: Lightning Bolt (dangerous; 2% risk of failure)
Press: ? - help, Shift-Dir - straight line, p - death knight You hear a mighty clap of thunder!
The bolt of lightning hits the death knight!
You kill the death knight!
Vehumet accepts your kill. Malevolent energies surge around you.
Your Dodging skill increases to level 9!
The centaur warrior unwields a +0 short sword.
The centaur warrior wields a +0 longbow.
The centaur warrior shoots an arrow.
The arrow closely misses you.
There is a stone staircase leading up here.
The centaur warrior shoots an arrow.
The arrow closely misses you.
The centaur warrior shoots an arrow.
The arrow hits you!!
You die...

#....# #.............# ##.##.#
#..#####.##.#......#.###..##.##
#....##..##...#....#.##..###..#
#.##.........##....#.##.## ##.#
##.##.....###..######.##.# #.#
##..#.....#####.# #.#..# #.#
.......#.c...##.# #.#.## #†#
.#.........#.)..#### #...# #†#
...#.......###..@..####..####
#.# ##.#.......# ##.....#
#)....###.# #.#.......# #.....#
#.###....). #.#.......# #...#.#
#.###......
..#.......######.#.###..##......
#...................#.##......
#.......########.##...##.....<
#.......# #....#####......
######### #....# #......


You could see a centaur warrior.

Vanquished Creatures
  A boulder beetle (D:13)
  2 centaur warriors
  4 catoblepae (Lair:6)
  A death knight (D:13)
  5 hydras
  4 two-headed ogres
  2 tengu warriors (D:13)
  7 death yaks
  Urug (Lair:1)
  Nergalle (D:12)
  An orb spider (shapeshifter) (D:11)
  2 manticores (Lair:6)
  2 cyclopes
  3 elephants
  9 black mambas
  4 torpor snails
  2 gargoyles
  9 cane toads
  An unseen horror (D:13)
  Maggie (D:8)
  9 komodo dragons
  A queen bee (D:10)
  2 polar bears
  2 trolls
  Prince Ribbit (D:8)
  10 dream sheep
  2 slime creatures (Lair:5)
  17 blink frogs
  A shadow (D:9)
  A spriggan (Lair:3)
  2 vampires
  2 wraiths
  85 yaks
  Eustachio (D:5)
  3 wyverns
  4 basilisks
  Menkaure (D:6)
  Edmund (D:5)
  14 water moccasins
  3 acid dragons
  6 orc warriors
  3 black bears
  2 sky beasts (D:7)
  3 ogres
  3 necrophages (D:5)
  11 centaurs
  40 wolves
  8 bullfrogs
  A kobold brigand (D:9)
  2 gnoll sergeants
  3 scorpions
  2 wyvern zombies (D:7)
  A wyvern skeleton (D:5)
  3 water moccasin skeletons
  39 killer bees
  5 electric eels
  7 howler monkeys
  9 wights
  4 centaur zombies
  2 centaur skeletons (D:6)
  4 hounds
  8 orc priests
  2 jellies
  4 iguanas
  6 orc wizards
  8 hell rats
  A killer bee zombie (D:6)
  A hound skeleton (D:5)
  A howler monkey zombie (D:9)
  Robin (D:4)
  6 gnolls
  4 river rats (D:7)
  3 adders
  A white imp (D:7)
  An ufetubus (D:6)
  An adder skeleton (D:4)
  3 worms
  5 dart slugs
  26 orcs
  6 bats
  8 endoplasms
  3 giant cockroaches
  17 goblins
  8 hobgoblins
  3 jackals (D:4)
  15 kobolds
  9 quokkas
  8 ball pythons
  8 frilled lizards
  25 rats
574 creatures vanquished.

Vanquished Creatures (others)
  26 fungi
  44 plants
70 creatures vanquished.

Grand Total: 644 creatures vanquished

Notes
Turn   | Place    | Note
-------+----------+-------------------------------------------
     0 | D:1      | night the Demonspawn Ice Elementalist began the quest for
                  | the Orb.
     0 | D:1      | Reached XP level 1. HP: 13/13 MP: 3/3
    18 | D:1      | You fall into a shaft and drop 1 floor!
   243 | D:1      | HP: 1/13 [goblin (3)]
   265 | D:1      | HP: 1/13 [goblin (1)]
   549 | D:1      | Gained mutation: You have sharp fingernails. [demonic
                  | ancestry]
   549 | D:1      | Reached XP level 2. HP: 18/19 MP: 0/5
  1465 | D:2      | Found a faded altar of an unknown god.
  1655 | D:2      | Gained mutation: You have very sharp fingernails. [demonic
                  | ancestry]
  1655 | D:2      | Reached XP level 3. HP: 18/24 MP: 0/7
  1659 | D:2      | Learned a level 3 spell: Frozen Ramparts
  1663 | D:2      | Learned a level 3 spell: Ozocubu's Armour
  1844 | D:2      | You fall into a shaft and drop 2 floors!
  2214 | D:3      | Gained mutation: Spells you cast may paralyse adjacent
                  | enemies. [demonic ancestry]
  2214 | D:3      | Reached XP level 4. HP: 31/31 MP: 1/8
  2216 | D:3      | Reached skill level 1 in Fighting
  2216 | D:3      | Reached skill level 1 in Unarmed Combat
  2834 | D:2      | Reached XP level 5. HP: 37/37 MP: 4/9
  3221 | D:3      | Reached skill level 2 in Fighting
  3226 | D:3      | Reached skill level 2 in Unarmed Combat
  3335 | D:4      | Noticed Robin
  3340 | D:4      | Killed Robin
  3877 | D:4      | Identified the +1 leather armour "Ikuashrarph" {+Inv Dex+3}
  3897 | D:4      | Reached XP level 6. HP: 45/46 MP: 11/11
  3941 | D:4      | Found a sparkling altar of Nemelex Xobeh.
  4440 | D:5      | Entered Level 5 of the Dungeon
  4498 | D:5      | You are sucked into a shaft and drop 1 floor!
  4522 | D:5      | Reached skill level 5 in Ice Magic
  4532 | D:5      | Reached skill level 3 in Fighting
  4559 | D:5      | Noticed Edmund
  4571 | D:5      | Killed Edmund
  4572 | D:5      | Reached XP level 7. HP: 52/52 MP: 7/13
  4928 | D:5      | Reached skill level 4 in Fighting
  5021 | D:5      | Gained mutation: You have a somewhat thin skeletal
                  | structure. (Dex +2, Stealth+) [demonic ancestry]
  5021 | D:5      | Reached XP level 8. HP: 59/60 MP: 11/15
  5297 | D:5      | Noticed Eustachio
  5304 | D:5      | Killed Eustachio
  5305 | D:5      | Reached skill level 5 in Spellcasting
  6366 | D:6      | Noticed Menkaure
  6386 | D:6      | Killed Menkaure
  6387 | D:6      | Reached skill level 5 in Fighting
  6708 | D:6      | Found a staircase to the Ecumenical Temple.
  6715 | Temple   | Entered the Ecumenical Temple
  6838 | Temple   | Became a worshipper of Vehumet
  7104 | D:6      | Reached skill level 5 in Unarmed Combat
  7104 | D:6      | Gained mutation: You sometimes gain a little power by
                  | taking damage. [demonic ancestry]
  7104 | D:6      | Reached XP level 9. HP: 42/68 MP: 10/17
  7392 | D:7      | Noticed a gargoyle
  7402 | D:7      | Killed a gargoyle
  7539 | D:7      | Reached skill level 6 in Fighting
  7595 | D:7      | Reached * piety under Vehumet
  7595 | D:7      | Offered knowledge of Shock by Vehumet.
  8236 | D:8      | Noticed Prince Ribbit
  8247 | D:8      | Killed Prince Ribbit
  8374 | D:8      | Gained mutation: You have a moderately thin skeletal
                  | structure. (Dex +4, Stealth++) [demonic ancestry]
  8374 | D:8      | Reached XP level 10. HP: 58/77 MP: 20/20
  8375 | D:8      | Reached skill level 7 in Fighting
  8499 | D:8      | Learned a level 4 spell: Hailstorm
  8663 | D:8      | Offered knowledge of Searing Ray by Vehumet.
  8666 | D:8      | Reached ** piety under Vehumet
  8919 | D:8      | Noticed Maggie
  8934 | D:8      | Killed Maggie
  8966 | D:8      | Found a shimmering blue altar of Sif Muna.
  9095 | D:8      | Found an ornate altar of the Wu Jian Council.
  9103 | D:8      | Reached skill level 1 in Conjurations
  9356 | D:9      | Found a staircase to the Orcish Mines.
  9578 | D:9      | Found an opulent altar of Gozag.
  9707 | D:9      | Offered knowledge of Poisonous Vapours by Vehumet.
  9708 | D:9      | Reached skill level 2 in Conjurations
  9719 | D:9      | Learned a level 2 spell: Poisonous Vapours
  9725 | D:9      | Found a sacrificial altar of Ru.
  9835 | D:9      | Reached *** piety under Vehumet
  9842 | D:9      | Reached skill level 1 in Poison Magic
 10126 | D:9      | Found an ancient bone altar of Kikubaaqudgha.
 10337 | D:10     | Entered Level 10 of the Dungeon
 10493 | D:10     | Reached skill level 8 in Fighting
 10494 | D:10     | Noticed a gargoyle
 10506 | D:10     | Killed a gargoyle
 10544 | D:10     | Offered knowledge of Mephitic Cloud by Vehumet.
 10549 | D:10     | Learned a level 3 spell: Mephitic Cloud
 10554 | D:10     | Noticed a centaur warrior
 10573 | D:10     | Killed a centaur warrior
 10574 | D:10     | Reached skill level 2 in Poison Magic
 10574 | D:10     | Gained mutation: You have claws for hands. [demonic
                  | ancestry]
 10574 | D:10     | Reached XP level 11. HP: 35/86 MP: 23/23
 10613 | D:10     | Found a staircase to the Lair.
 10775 | D:10     | Noticed a two-headed ogre
 10795 | D:10     | Killed a two-headed ogre
 10982 | D:10     | Reached **** piety under Vehumet
 10987 | D:10     | Offered knowledge of Sticky Flame by Vehumet.
 11005 | D:10     | HP: 12/87 [poisoned by a killer bee]
 11006 | D:10     | Gained mutation: You occasionally shout uncontrollably at
                  | your foes. [potion of mutation]
 11006 | D:10     | Gained mutation: You are weak. (Str -2) [potion of
                  | mutation]
 11007 | D:10     | Lost mutation: You are weak. (Str -2) [potion of mutation]
 11007 | D:10     | Lost mutation: You occasionally shout uncontrollably at
                  | your foes. [potion of mutation]
 11007 | D:10     | Gained mutation: You are clumsy. (Dex -2) [potion of
                  | mutation]
 11007 | D:10     | Gained mutation: You have supernaturally acute eyesight.
                  | (SInv) [potion of mutation]
 11178 | Lair:1   | Entered Level 1 of the Lair of Beasts
 11289 | Lair:1   | Reached skill level 9 in Fighting
 11289 | Lair:1   | Reached skill level 2 in Stealth
 11507 | Lair:1   | Reached ***** piety under Vehumet
 11538 | Lair:1   | Offered knowledge of Lightning Bolt by Vehumet.
 11570 | Lair:1   | Noticed Urug
 11583 | Lair:1   | Killed Urug
 11584 | Lair:1   | Gained mutation: You sometimes gain power by taking damage.
                  | [demonic ancestry]
 11584 | Lair:1   | Reached XP level 12. HP: 70/96 MP: 23/25
 12426 | Lair:2   | Identified the +1 ring mail of the Vestibule of Hell
                  | {Rampage *Slow rC+ Stlth+}
 12467 | Lair:2   | Found a hole to the Spider Nest.
 13214 | Lair:3   | Reached skill level 10 in Fighting
 13250 | Lair:3   | Found a staircase to the Swamp.
 13551 | Lair:3   | Noticed a seven-headed hydra
 13603 | Lair:3   | Learned a level 5 spell: Lightning Bolt
 13633 | Lair:3   | Offered knowledge of Conjure Ball Lightning by Vehumet.
 13634 | Lair:3   | Reached skill level 10 in Spellcasting
 13640 | Lair:3   | Reached skill level 5 in Conjurations
 13920 | Lair:3   | Killed a seven-headed hydra
 14442 | Lair:4   | Identified the +5 rapier of Lenuh {holy, rF- Dex+6}
 14529 | Lair:4   | Gained mutation: Spells you cast may paralyse nearby
                  | enemies. [demonic ancestry]
 14529 | Lair:4   | Reached XP level 13. HP: 104/104 MP: 20/27
 14570 | Lair:4   | Noticed a minotaur
 14597 | Lair:4   | Found a runed translucent gate.
 14609 | Lair:4   | Noticed DEFE's ghost (journeyman OpBr)
 14612 | Lair:4   | HP: 15/104 [death yak[a torpor snail] (6)]
 14614 | Lair:4   | Reached skill level 10 in Unarmed Combat
 14658 | Lair:4   | Learned a level 7 spell: Orb of Destruction
 14829 | Lair:4   | Identified the +0 scale mail of the Slightly Bent {Stlth+}
 14912 | Lair:4   | Found a runed translucent gate.
 14912 | Lair:4   | Found a runed translucent gate.
 14929 | Lair:4   | Reached skill level 2 in Dodging
 15218 | Lair:5   | Identified the +6 war axe "Ewnamet" {freeze, Stlth+}
 15519 | Lair:5   | Found a runed translucent door.
 15519 | Lair:5   | Found a viscous altar of Jiyva.
 15568 | Lair:5   | Found a staircase to the Slime Pits.
 16588 | Lair:6   | Entered Level 6 of the Lair of Beasts
 16706 | Lair:6   | Reached skill level 5 in Dodging
 17130 | Lair:6   | Offered knowledge of Eringya's Noxious Bog by Vehumet.
 17135 | Lair:6   | Reached XP level 14. HP: 75/111 MP: 28/28
 17610 | Lair:6   | Reached skill level 10 in Conjurations
 19543 | D:11     | Found Ulyong's Armour Shoppe.
 19604 | D:12     | Found Becril's Jewellery Emporium.
 19636 | D:12     | Noticed Nergalle
 19651 | D:12     | Killed Nergalle
 19656 | D:12     | Reached skill level 10 in Ice Magic
 20185 | D:13     | Reached skill level 11 in Fighting
 20974 | D:13     | Shot with an arrow by a centaur warrior

Illustrated notes

Levels and vault maps discovered:
D:1:      lemuel_arrival_lava_pool, layout_rooms, serial_corexii_hall,
          corexii_hall_statues_x, chequers_hall_statues_wall_a,
          corexii_hall_statues_i, chequers_hall_statues_corner_a,
          minmay_split_cup_large
D:2:      layout_rooms, hellmonk_ecumenical_altar_lost_god,
          minmay_joined_circles
D:3:      minmay_bubble_buster, layout_basic, minmay_misc_feat_tiny
D:4:      layout_layer_cave, nemelex_spade_bored_becter, uniq_robin
D:5:      layout_layer_cave, serial_rivers, chequers_serial_rivers_large_b,
          chequers_serial_rivers_micro_d, chequers_serial_rivers_marsh,
          chequers_serial_rivers_micro_d, kennysheep_generic_room_12,
          uniq_eustachio, uniq_edmund
D:6:      layout_cave_pods, temple_green, uniq_menkaure
D:7:      lemuel_ratsnest, layout_cave_pools
D:8:      layout_gridville, lemuel_doored_altar, lemuel_tele_altar, uniq_maggie,
          uniq_prince_ribbit1
D:9:      layout_roguey, nicolae_overflow_crystal_walls, old_standard_altar,
          kennysheep_little_box, david_orc_2
D:10:     layout_basic, erik_lair_island, special_room [special_room_bee]
D:11:     layout_irregular_city, serial_shops, shop_coins
D:12:     cheibrodos_helix_gallery, layout_cave_pools, serial_shops, shop_coins,
          uniq_nergalle
D:13:     layout_rooms
Temple:   compressed_dpeg_circular_temple
Lair:1:   layout_roguey, serial_bayou_shore_b, uniq_urug
Lair:2:   layout_regular_city, dummy_spider_entry
Lair:3:   layout_cave_pods, swamp_mist_pool, grunt_forest_large_clearing_hut,
          grunt_megastairs_1, lemuel_fruit_fields
Lair:4:   layout_hall_layers, maelrawn_ghost_gauntlet_escape
Lair:5:   layout_cave_pods, slime_altar_2, grunt_megastairs_4
Lair:6:   evilmike_catoblepas_cave, layout_hall_layers, grunt_megastairs_3

Skill      XL: |  1  2  3  4  5  6  7  8  9 10 11 12 13 14 |
---------------+-------------------------------------------+-----
Ice Magic      | 4 5 6 7 8 9 10 | 10.2
Spellcasting   | 3 4 5 7 8 9 10 | 10.7
Fighting       | 1 2 3 4 5 6 8 9 10 11 | 11.1
Unarmed Combat | 1 2 3 5 6 7 8 9 10 | 10.3
Conjurations   | 3 5 9 10 | 10.7
Poison Magic   | 2 3 |  3.0
Stealth        | 3 |  3.0
Dodging        | 7 9 |  9.0

Action                   |  1- 3 |  4- 6 |  7- 9 | 10-12 | 13-15 || total
-------------------------+-------+-------+-------+-------+-------++-------
Melee: Unarmed           |    57 |   110 |   240 |   478 |   270 ||  1155
       Punch             |       |     1 |     4 |    22 |    12 ||    39
Throw: Dart              |       |     3 |     6 |    20 |     3 ||    32
 Cast: Freeze            |    35 |     5 |    12 |    42 |    66 ||   160
       Frozen Ramparts   |     2 |    12 |    23 |    51 |    39 ||   127
       Ozocubu's Armour  |     2 |     4 |    16 |    36 |    28 ||    86
       Hailstorm         |       |       |       |     6 |     3 ||     9
       Poisonous Vapours |       |       |       |     5 |    22 ||    27
       Lightning Bolt    |       |       |       |     4 |    35 ||    39
       Orb of Destructio |       |       |       |       |    19 ||    19
Evoke: Wand              |       |       |     3 |     6 |     4 ||    13
  Use: Scroll            |     6 |       |    12 |     2 |     3 ||    23
       Potion            |       |       |     2 |     5 |     3 ||    10
 Stab: Sleeping          |     2 |     1 |     3 |     9 |     3 ||    18
       Paralysed         |       |     8 |    28 |    41 |    53 ||   130
       Distracted        |       |       |       |     1 |       ||     1
Armor: Robe              |    13 |    14 |       |       |       ||    27
       Leather armour    |       |     9 |    75 |   194 |   138 ||   416
Dodge: Dodged            |    41 |    56 |   155 |   256 |   232 ||   740

Table legend: (Time is in decaauts)
 A = Elapsed time spent in this place.
 B = Non-inter-level travel time spent in this place.
 C = Inter-level travel time spent in this place.
 D = Time resting spent in this place.
 E = Time spent auto-exploring this place.
 F = Levels seen in this place.
 G = Mean time per level.
                   A        B        C        D        E       F      G
               +--------+--------+--------+--------+--------+-----+--------+
         Total |  20863 |  20114 |    749 |   1781 |  14473 |  20 | 1043.2 |
       Dungeon |  13199 |  12767 |    432 |   1248 |   9189 |  13 | 1015.3 |
        Temple |    143 |    124 |     19 |      0 |     96 |   1 |  143.0 |
          Lair |   7520 |   7223 |    297 |    533 |   5188 |   6 | 1253.3 |
               +--------+--------+--------+--------+--------+-----+--------+

Top non-repeatable levels by time:
  Lair:6: 1895 daAuts
     D:5: 1738 daAuts
  Lair:5: 1563 daAuts
     D:1: 1261 daAuts
     D:2: 1208 daAuts
  Lair:3: 1154 daAuts
  Lair:1: 1129 daAuts
     D:4: 1127 daAuts
     D:8: 1110 daAuts
     D:6: 1052 daAuts
     D:9: 1015 daAuts
  Lair:2: 889 daAuts
  Lair:4: 888 daAuts
    D:13: 846 daAuts
     D:7: 842 daAuts
